 Dungeon Crawl Stone Soup version 0.21-a0-265-gb353147 (webtiles) character file.

24895 madlad the Brawler (level 12, -1/138 HPs)
             Began as a Troll Chaos Knight on Sept 11, 2017.
             Killed themself with a badly aimed iceblast (14 damage)
             ... on level 6 of the Lair of Beasts.
             The game lasted 00:25:47 (15146 turns).

madlad the Brawler (Troll Chaos Knight)            Turns: 15146, Time: 00:25:48

Health: -1/138     AC: 10    Str: 29    XL:     12   Next: 84%
Magic:  13/13      EV: 13    Int:  8    God:    Xom [..*...]
Gold:   523        SH:  0    Dex: 14    Spells: 11/11 levels left

rFire    + . .     SeeInvis .     - Unarmed
rCold    + . .     Gourm    +   (no shield)
rNeg     . . .     Faith    .   a - +2 robe
rPois    .         Spirit   .   (helmet restricted)
rElec    .         Reflect  .   e - +2 cloak
rCorr    +         Harm     .   (gloves unavailable)
MR       .....     Clarity  +   (boots unavailable) Stlth +.........Rnd*Tele +
                                m - amulet of Piphekoi {RegenMP rF+ rC+ Dex+3}
HPRegen  0.73/turn              g - ring of teleportation
MPRegen  0.38/turn              k - ring of resist corrosion

@: no status effects
A: unfitting armour, claws 3, hooves 1, agile 1, clarity, fast metabolism 3,
gourmand, low mp 1, mutation resistance 2, regeneration 1, robust 1, shaggy fur
1, strong 1, tough skin 2
a: Renounce Religion


You were on level 6 of the Lair of Beasts.
You worshipped Xom.
You were a toy of Xom.
You were not hungry.

You visited 2 branches of the dungeon, and saw 16 of its levels.

You collected 679 gold pieces.
You spent 156 gold pieces at shops.

Inventory:

Missiles
 j - 86 sling bullets
 o - 341 stones (quivered)
 t - a throwing net
Armour
 a - a +2 robe (worn)
 e - a +2 cloak (worn)
Jewellery
 g - a ring of teleportation (left claw)
 k - a ring of resist corrosion (right claw)
 m - the amulet of Piphekoi (around neck) {RegenMP rF+ rC+ Dex+3}
   (You took it off a centaur on level 10 of the Dungeon)

   [amulet of magic regeneration]

   It increases your magic regeneration.
   It affects your dexterity (+3).
   It protects you from fire.
   It protects you from cold.
 N - an uncursed amulet of magic regeneration {unknown}
Wands
 z - a wand of acid (0/15)
 B - a wand of iceblast (5/15)
 C - a wand of paralysis (0/24)
 F - a wand of digging (0/24)
 H - a wand of flame (27/48)
 J - a wand of random effects (30/48)
Scrolls
 i - 4 scrolls of enchant armour
 l - a scroll of noise {unknown}
 p - a scroll of magic mapping
 q - 4 scrolls of immolation
 r - a scroll of fog
 s - a scroll of acquirement {unknown}
 v - 3 scrolls of remove curse
 y - a scroll of holy word {unknown}
 L - a scroll of recharging
 M - a scroll of enchant weapon {unknown}
 O - 2 scrolls of identify
Potions
 d - 2 potions of flight
 f - a potion of haste
 h - 2 potions of lignification
 n - a potion of heal wounds
 w - a potion of cancellation
 x - 2 potions of brilliance
 A - 3 potions of curing
 G - a potion of degeneration
 K - a potion of resistance
Comestibles
 b - a bread ration
 c - 13 royal jellies
 u - 20 fruits
 E - 4 meat rations


   Skills:
 + Level 10.1 Fighting
 + Level 5.8 Dodging
 * Level 15.5 Unarmed Combat
 - Level 5.2 Evocations


You had 11 spell levels left.
You didn't know any spells.

Dungeon Overview and Level Annotations

Branches:
Dungeon (10/15)            Temple (0/1) D:4            Lair (6/6) D:10
  Swamp (0/4) Lair:2        Snake (0/4) Lair:4
  Slime: Lair:5-6       Orc: D:9-12

Altars:
Gozag
Makhleb
Qazlal
Ru
Trog
Uskayaw
Xom

Shops:
D:6 *   D:8 :

Annotations:
Lair:4 1 exclusion


Innate Abilities, Weirdness & Mutations

You are too large for most types of armour.
You have claws for hands.
Your metabolism is lightning-fast.
You like to eat raw meat.
Your natural rate of healing is unusually fast.
You are covered in fur. (AC +1)
You have very tough skin. (AC +2)
You have large cloven feet.
You are agile. (Dex +2)
You possess an exceptional clarity of mind.
Your magical capacity is low. (-10% MP)
You are somewhat resistant to both further mutation and mutation removal.
You are robust. (+10% HP)
Your muscles are strong. (Str +2)


Message History

* * * LOW HITPOINT WARNING * * *
The nine-headed hydra closely misses you.
The nine-headed hydra bites you!
* * * LOW HITPOINT WARNING * * *
The nine-headed hydra closely misses you.
The nine-headed hydra barely misses you.
Unknown command.
Okay, then.
Evoke which item? (* to show all) (? for menu, Esc to quit)
Aiming: Iceblast
Press: ? - help, Shift-Dir - straight line, f - nine-headed hydra
Aim: a nine-headed hydra (almost dead, covered in acid) That beam is likely to hit you.
Continue anyway?
The mass of ice explodes!
The iceblast engulfs the nine-headed hydra.
You kill the nine-headed hydra!
The iceblast engulfs you! You partially resist.
Xom thinks this is hilarious!
You die...
Xom thinks this is hilarious!

## . ### ### #.#######
.PPP#..###/######..#.##.
.......@..††...<........
........#..P............
P.......##...#..........
.....#....+###..........
#.....#... #.......^....
.....##.....#.........##
..... #.... #........##
.... ##.#. ##......##
#.....##


There were no monsters in sight!

Vanquished Creatures
  A minotaur (shapeshifter) (Lair:5)
  3 hydras
  A two-headed ogre (D:10)
  A black mamba (Lair:5)
  5 spiny frogs
  3 rime drakes
  A komodo dragon (Lair:5)
  A queen bee (D:10)
  A troll (D:9)
  9 blink frogs
  4 dream sheep (Lair:5)
  3 hippogriffs
  2 wyverns
  A human (Lair:4)
  24 yaks
  A steam dragon (D:9)
  3 basilisks
  3 nagas (Lair:4)
  A swamp worm (Lair:2)
  11 porcupines
  A hell hound (Lair:6)
  8 water moccasins
  2 ice beasts (D:10)
  4 ogres
  3 orc warriors
  2 sky beasts
  An eye of draining (D:10)
  2 necrophages
  4 black bears
  11 wolves
  10 centaurs
  6 crocodiles
  A big kobold (D:8)
  25 bullfrogs
  2 scorpions
  16 killer bees (D:10)
  3 wights (D:10)
  8 electric eels
  A howler monkey (D:7)
  4 crimson imps
  A centaur zombie (D:7)
  A quasit (D:9)
  7 hounds
  8 jellies
  6 orc wizards
  Terence (D:2)
  4 orc priests
  3 iguanas
  2 centaur skeletons
  15 worker ants
  A hound zombie (D:9)
  A hound skeleton (D:7)
  12 adders
  A gnoll (D:1)
  A howler monkey skeleton (D:8)
  A shadow imp (D:7)
  3 oozes
  2 adder skeletons
  2 worms (D:6)
  3 dart slugs
  5 leopard geckos
  24 orcs
  3 ball pythons
  6 giant cockroaches
  7 hobgoblins
  12 jackals
  8 kobolds
  3 quokkas
  A ball python skeleton (D:3)
  7 bats
  5 frilled lizards
  7 goblins
  2 leopard gecko skeletons
  6 rats
  3 fungi
  2 plants
369 creatures vanquished.

Vanquished Creatures (collateral kills)
  A porcupine (D:10)
  A phantom (D:10)
  3 killer bees (D:10)
  A hound (D:10)
  An adder (D:8)
  5 fungi
12 creatures vanquished.

Vanquished Creatures (others)
  3 orc wizards (D:6)
  26 fungi
  4 plants
33 creatures vanquished.

Grand Total: 414 creatures vanquished

Notes
Turn   | Place    | Note
-------+----------+-------------------------------------------
     0 | D:1      | madlad the Troll Chaos Knight began the quest for the Orb.
     0 | D:1      | Reached XP level 1. HP: 22/22 MP: 0/0
     6 | D:1      | Noticed a killer bee
     6 | D:1      | Noticed a polar bear
     6 | D:1      | Noticed a lindwurm
     6 | D:1      | Noticed a salamander
    16 | D:1      | XOM: potion effect (brilliance)
   115 | D:1      | Reached XP level 2. HP: 29/29 MP: 1/1
   695 | D:1      | Reached XP level 3. HP: 36/36 MP: 2/2
   774 | D:1      | Reached skill level 4 in Unarmed Combat
  1454 | D:2      | Found a stormy altar of Qazlal.
  1684 | D:2      | Noticed Terence
  1687 | D:2      | Killed Terence
  1687 | D:2      | Reached XP level 4. HP: 45/45 MP: 3/3
  2050 | D:3      | Reached skill level 5 in Unarmed Combat
  2050 | D:3      | Reached XP level 5. HP: 52/53 MP: 4/4
  2065 | D:3      | XOM is BORED!
  2065 | D:3      | XOM: harmless Summ miscast
  2468 | D:4      | XOM: potion effect (brilliance)
  2502 | D:4      | Noticed an ogre
  2518 | D:4      | Killed an ogre
  2518 | D:4      | Reached XP level 6. HP: 52/62 MP: 5/5
  2550 | D:4      | XOM: divination: magic mapping
  2559 | D:4      | XOM: harmless Tmut miscast
  2601 | D:4      | Found a burning altar of Makhleb.
  2624 | D:4      | Reached skill level 6 in Unarmed Combat
  2959 | D:4      | XOM: harmless Tmut miscast
  3203 | D:4      | Found a stormy altar of Qazlal.
  3228 | D:4      | Found a hide-covered altar of Uskayaw.
  3231 | D:4      | Found a sacrificial altar of Ru.
  3268 | D:4      | Reached XP level 7. HP: 70/70 MP: 6/6
  3299 | D:4      | XOM: cloud trail
  3565 | D:4      | Found a staircase to the Ecumenical Temple.
  3830 | D:5      | Entered Level 5 of the Dungeon
  3847 | D:5      | XOM: god gift: scroll of teleportation
  3856 | D:5      | XOM: enchant monster (good)
  3899 | D:5      | Reached skill level 7 in Unarmed Combat
  4064 | D:5      | XOM is BORED!
  4064 | D:5      | XOM: medium Fire miscast
  4091 | D:5      | XOM: divine lightning
  4502 | D:6      | Found Vydemop's General Store.
  4506 | D:6      | Reached skill level 8 in Unarmed Combat
  4517 | D:6      | Reached skill level 5 in Fighting
  4520 | D:6      | Reached XP level 8. HP: 71/80 MP: 7/7
  4697 | D:6      | Reached skill level 9 in Unarmed Combat
  4707 | D:6      | Found an opulent altar of Gozag.
  4940 | D:6      | XOM: smoke on damage
  5038 | D:6      | Bought a wand of iceblast (8/15) for 156 gold pieces
  5211 | D:6      | Noticed a moth of wrath
  5214 | D:6      | Found a bloodstained altar of Trog.
  5286 | D:6      | XOM: cleaving
  5288 | D:6      | XOM: destruction
  5404 | D:6      | XOM: give mutations
  5404 | D:6      | Gained mutation: Your flesh is heat resistant. (rF+) [Xom's grace]
  5404 | D:6      | Gained mutation: Your muscles are strong. (Str +2) [Xom's grace]
  5404 | D:6      | Gained mutation: You are partially covered in slimy green scales. (AC +2) [Xom's grace]
  5404 | D:6      | Gained mutation: Your muscles are very strong. (Str +4) [Xom's grace]
  5417 | D:6      | XOM: polymorph orc warrior -> ooze
  5696 | D:7      | Reached skill level 1 in Evocations
  5904 | D:7      | Reached XP level 9. HP: 89/89 MP: 9/9
  5928 | D:7      | Reached skill level 10 in Unarmed Combat
  5942 | D:7      | XOM: 1-stop teleportation journey
  6374 | D:7      | XOM: cleaving
  6588 | D:8      | XOM: summons 9 friendly demons
  6644 | D:8      | XOM: 1-stop teleportation journey
  6980 | D:8      | XOM: scenery: create altars
  7114 | D:8      | XOM: polymorph adder -> jelly
  7254 | D:8      | XOM: smoke on damage
  7267 | D:8      | Reached skill level 11 in Unarmed Combat
  7414 | D:8      | Found Tobir's Book Shop.
  7534 | D:9      | XOM: divination: detect items
  7666 | D:9      | XOM: silly message
  7768 | D:9      | Reached XP level 10. HP: 98/102 MP: 11/11
  7774 | D:9      | XOM: cast spell 'Cause Fear'
  8156 | D:9      | XOM: harmless Ice miscast
  8344 | D:9      | XOM: silly message
  8374 | D:10     | Entered Level 10 of the Dungeon
  8374 | D:10     | Noticed a two-headed ogre
  8374 | D:10     | XOM: potion effect (haste)
  8384 | D:10     | XOM: potion effect (agility)
  8475 | D:10     | XOM: summons 10 friendly demons
  8542 | D:10     | Reached skill level 12 in Unarmed Combat
  8555 | D:10     | XOM: cleaving
  8566 | D:10     | XOM: 5-stop teleportation journey
  8570 | D:10     | XOM: scenery: create altars
  8594 | D:10     | XOM: polymorph killer bee -> porcupine
  8635 | D:10     | XOM: swap monsters
  8652 | D:10     | Killed a two-headed ogre
  8653 | D:10     | XOM: blink monster(s)
  8660 | D:10     | XOM: smoke on damage
  8662 | D:10     | XOM: noise
  8671 | D:10     | XOM: divination: detect creatures
  8673 | D:10     | XOM: harmless Conj miscast
  8683 | D:10     | XOM: mild Conj miscast
  8724 | D:10     | Reached XP level 11. HP: 58/111 MP: 9/13
  8779 | D:10     | XOM: destruction
  8914 | D:10     | Found a staircase to the Lair.
  9010 | D:10     | XOM: summons 11 friendly demons
  9015 | D:10     | Got a coiled lead amulet
  9024 | D:10     | Identified the amulet of Piphekoi {RegenMP rF+ rC+ Dex+3} (You took it off a centaur on level 10 of the Dungeon)
  9031 | Lair:1   | Entered Level 1 of the Lair of Beasts
  9079 | Lair:1   | XOM: 3-stop teleportation journey
  9104 | Lair:1   | Noticed a four-headed hydra
  9107 | Lair:1   | Reached skill level 13 in Unarmed Combat
  9107 | Lair:1   | Reached skill level 5 in Evocations
  9111 | Lair:1   | XOM: scenery: create altars
  9118 | Lair:1   | Killed a six-headed hydra
  9168 | Lair:1   | XOM: divination: detect creatures
  9458 | Lair:1   | XOM: fake destruction
 10020 | Lair:1   | XOM: god gift: twisted great mace {god gift}
 10021 | Lair:1   | Got a twisted great mace {god gift}
 10022 | Lair:1   | Identified the +3 great mace "Grim" {freeze, +Inv Dex+5} (Xom gifted it to you on level 1 of the Lair of Beasts)
 10148 | Lair:2   | XOM: god gift: helmet {god gift}
 10241 | Lair:2   | XOM: give mutations
 10241 | Lair:2   | Gained mutation: You possess an exceptional clarity of mind. [Xom's mischief]
 10241 | Lair:2   | Gained mutation: You occasionally shout uncontrollably at your foes. [Xom's mischief]
 10347 | Lair:2   | XOM: 1-stop teleportation journey
 10578 | Lair:2   | Found a staircase to the Swamp.
 10587 | Lair:2   | XOM: enchant monster (bad)
 10593 | Lair:2   | XOM: noise
 10598 | Lair:2   | Reached skill level 14 in Unarmed Combat
 10733 | Lair:2   | XOM: 2-stop teleportation journey
 10770 | Lair:2   | XOM: cast spell 'Leda's Liquefaction'
 10799 | Lair:2   | XOM: confuse monster(s)
 11367 | Lair:3   | XOM: mild Erth miscast
 11756 | Lair:3   | XOM: god gift: plate armour {god gift}
 11843 | Lair:3   | XOM: stat loss: -1 Int (4/8)
 12247 | Lair:4   | Found a staircase to the Snake Pit.
 12305 | Lair:4   | XOM: 4-stop teleportation journey
 12352 | Lair:4   | Reached XP level 12. HP: 115/123 MP: 14/14
 12776 | Lair:4   | XOM: polymorph basilisk -> human
 12785 | Lair:4   | XOM: summons friendly white imp
 12894 | Lair:4   | XOM: harmless Necr miscast
 13361 | Lair:4   | XOM: god gift: potion of heal wounds
 13454 | Lair:5   | XOM: summons 2 hostile demons
 13461 | Lair:5   | XOM: summons 12 friendly demons
 13518 | Lair:5   | XOM: 1-stop teleportation journey
 13531 | Lair:5   | XOM: give mutations
 13531 | Lair:5   | Gained mutation: You are frail. (-10% HP) [Xom's mischief]
 13531 | Lair:5   | Lost mutation: Your muscles are very strong. (Str +4) [Xom's mischief]
 13531 | Lair:5   | Lost mutation: Your muscles are strong. (Str +2) [Xom's mischief]
 13620 | Lair:5   | Lost mutation: Your flesh is heat resistant. (rF+) [potion of mutation]
 13620 | Lair:5   | Lost mutation: You are frail. (-10% HP) [potion of mutation]
 13620 | Lair:5   | Lost mutation: You possess an exceptional clarity of mind. [potion of mutation]
 13620 | Lair:5   | Lost mutation: You occasionally shout uncontrollably at your foes. [potion of mutation]
 13620 | Lair:5   | Gained mutation: You expend magic power (3 MP) to strengthen your wands. [potion of mutation]
 13620 | Lair:5   | Gained mutation: You have a pair of small horns on your head. [potion of mutation]
 13620 | Lair:5   | Gained mutation: Your flesh is cold resistant. (rC+) [potion of mutation]
 13620 | Lair:5   | Gained mutation: You evolve. [potion of mutation]
 13621 | Lair:5   | Lost mutation: You are partially covered in slimy green scales. (AC +2) [potion of mutation]
 13621 | Lair:5   | Lost mutation: Your flesh is cold resistant. (rC+) [potion of mutation]
 13621 | Lair:5   | Lost mutation: You evolve. [potion of mutation]
 13621 | Lair:5   | Lost mutation: You have a pair of small horns on your head. [potion of mutation]
 13621 | Lair:5   | Gained mutation: You have large cloven feet. [potion of mutation]
 13621 | Lair:5   | Gained mutation: Your mind is acute. (Int +2) [potion of mutation]
 13622 | Lair:5   | Lost mutation: You have large cloven feet. [potion of mutation]
 13622 | Lair:5   | Lost mutation: Your mind is acute. (Int +2) [potion of mutation]
 13622 | Lair:5   | Lost mutation: You expend magic power (3 MP) to strengthen your wands. [potion of mutation]
 13622 | Lair:5   | Gained mutation: You are somewhat resistant to further mutation. [potion of mutation]
 13622 | Lair:5   | Gained mutation: Your magical capacity is low. (-10% MP) [potion of mutation]
 13626 | Lair:5   | Noticed a six-headed hydra
 13640 | Lair:5   | XOM: cast spell 'Alistair's Intoxication'
 13646 | Lair:5   | XOM: fog
 13654 | Lair:5   | XOM: cast spell 'Shadow Creatures'
 13667 | Lair:6   | Entered Level 6 of the Lair of Beasts
 13820 | Lair:6   | XOM: potion effect (agility)
 13822 | Lair:6   | XOM: confusion
 13834 | Lair:6   | XOM: polymorph jelly -> hound
 13835 | Lair:6   | XOM: mild Air miscast
 13843 | Lair:6   | Reached skill level 5 in Dodging
 13880 | Lair:6   | XOM: polymorph hippogriff -> something unseen
 13895 | Lair:6   | Noticed an eight-headed hydra
 13903 | Lair:6   | XOM: enchant monster (bad)
 13954 | Lair:6   | XOM: silly message
 13978 | Lair:5   | Reached skill level 15 in Unarmed Combat
 13978 | Lair:5   | XOM: harmless Conj miscast
 13979 | Lair:5   | XOM: confuse monster(s)
 14005 | Lair:5   | XOM: polymorph dream sheep -> komodo dragon
 14099 | Lair:5   | Killed an 11-headed hydra
 14137 | Lair:5   | XOM: god gift: throwing net
 14362 | Lair:5   | XOM: give mutations
 14362 | Lair:5   | Gained mutation: You possess an exceptional clarity of mind. [Xom's grace]
 14362 | Lair:5   | Gained mutation: Your muscles are strong. (Str +2) [Xom's grace]
 14362 | Lair:5   | Gained mutation: You are somewhat resistant to both further mutation and mutation removal. [Xom's grace]
 14362 | Lair:5   | Gained mutation: You are robust. (+10% HP) [Xom's grace]
 14455 | Lair:5   | Noticed a six-headed hydra
 14464 | Lair:5   | Noticed a minotaur
 14464 | Lair:5   | a six-headed hydra changed into a minotaur
 14464 | Lair:5   | XOM: polymorph six-headed hydra -> minotaur
 14469 | Lair:5   | Killed a minotaur
 14469 | Lair:5   | Reached skill level 10 in Fighting
 14807 | Lair:5   | XOM: enchant monster (good)
 14935 | Lair:5   | XOM: give mutations
 14935 | Lair:5   | Gained mutation: You have large cloven feet. [Xom's grace]
 14935 | Lair:5   | Gained mutation: You are agile. (Dex +2) [Xom's grace]
 15146 | Lair:6   | Killed a nine-headed hydra
 15146 | Lair:6   | Killed themself with a badly aimed iceblast

Vault maps used:
D:1:      onia_arrival_zoo_common
D:2:      nrook_mini_vaults, kennysheep_cross_room, grunt_qazlal_sundering,
          uniq_terence
D:4:      nicolae_overflow_hidden_temple, minmay_temple_entry_statues_pillars,
          first_bread, minmay_crystal_water, minmay_misc_feat_columns,
          minmay_vboxes
D:5:      cheibrodos_helix_gallery, hangedman_abyss_or_decor_slice
D:6:      tgw_trog, nicolae_gozag_seed_capital, serial_shops,
          nicolae_shop_statue_plus, lightli_minifort
D:8:      serial_shops, kennysheep_little_box
D:10:     due_lair_maze_entry_diamond, david_nohive_1, lemuel_oklob_altar
Lair:1:   minivault_24, grunt_megastairs_1
Lair:2:   minmay_swamp_entry_worms, fungi_pond_lemuel, grunt_megastairs_5
Lair:3:   serial_forest, infiniplex_forest_end_2, infiniplex_forest_end_3,
          infiniplex_forest_clump_medium, infiniplex_forest_lined_3,
          infiniplex_forest_straight_2, infiniplex_forest_end_3,
          infiniplex_forest_lined_room_, infiniplex_forest_clump_cross,
          infiniplex_forest_clump_diagonal
Lair:4:   guppyfry_snake_entry_garden, serial_bayou_ford_a, fungi_pond_lemuel,
          disabler_island
Lair:5:   cheibrodos_lair_reptile_den
Lair:6:   cheibrodos_lair_end_hotspot, minmay_slime_entry_jelly_boxes,
          serial_bayou_crossing

Skill      XL: |  1  2  3  4  5  6  7  8  9 10 11 12 |
---------------+-------------------------------------+-----
Unarmed Combat | 4 5 6 8 9 11 12 14 15 | 15.5
Fighting       | 3 4 5 6 7 8 9 10 | 10.1
Evocations     | 1 3 4 5 |  5.2
Dodging        | 4 5 |  5.8

Action                   |  1- 3 |  4- 6 |  7- 9 | 10-12 || total
-------------------------+-------+-------+-------+-------++-------
Melee: Unarmed           |   114 |   131 |   348 |   508 ||  1101
       Punch             |     2 |     6 |    15 |    50 ||    73
       Kick              |       |       |       |     2 ||     2
Evoke: Wand              |       |       |       |    20 ||    20
  Use: Scroll            |     2 |     8 |     4 |    13 ||    27
       Potion            |       |       |       |    24 ||    24
 Stab: Sleeping          |       |     1 |       |       ||     1
       Distracted        |       |       |       |     3 ||     3
       Petrifying        |       |       |       |     2 ||     2
  Eat: Chunk             |    17 |    18 |    37 |    48 ||   120
       Bread ration      |       |       |     1 |     3 ||     4
Armor: Robe              |    48 |    63 |   172 |   199 ||   482
       Skin              |       |       |       |    32 ||    32
Dodge: Dodged            |    65 |    67 |   173 |   321 ||   626

Table legend:
 A = Spawn XP
 B = Non-spawn XP
 C = Spawn XP percentage of total XP
 D = Spawn monster count
 E = Non-spawn monster count
 F = Spawn count percentage of total count
 G = Total turns spent on level
                    A         B        C        D         E        F      G
               +---------+---------+-------+---------+---------+-------+---------
         Total |       0 |   35565 |   0.0 |       0 |     372 |   0.0 | 15146
               +---------+---------+-------+---------+---------+-------+---------
           D:1 |       0 |      64 |   0.0 |       0 |      30 |   0.0 |  1209
           D:2 |       0 |      70 |   0.0 |       0 |      11 |   0.0 |   642
           D:3 |       0 |      89 |   0.0 |       0 |      13 |   0.0 |   595
           D:4 |       0 |     538 |   0.0 |       0 |      28 |   0.0 |  1384
           D:5 |       0 |     501 |   0.0 |       0 |      12 |   0.0 |   672
           D:6 |       0 |    1199 |   0.0 |       0 |      25 |   0.0 |  1189
           D:7 |       0 |    1333 |   0.0 |       0 |      35 |   0.0 |   856
           D:8 |       0 |    1075 |   0.0 |       0 |      29 |   0.0 |   930
           D:9 |       0 |    1819 |   0.0 |       0 |      18 |   0.0 |   897
          D:10 |       0 |    5156 |   0.0 |       0 |      53 |   0.0 |   657
        Lair:1 |       0 |    4584 |   0.0 |       0 |      23 |   0.0 |  1021
        Lair:2 |       0 |    4120 |   0.0 |       0 |      26 |   0.0 |  1261
        Lair:3 |       0 |     587 |   0.0 |       0 |       3 |   0.0 |   837
        Lair:4 |       0 |    3864 |   0.0 |       0 |      24 |   0.0 |  1224
        Lair:5 |       0 |    6834 |   0.0 |       0 |      24 |   0.0 |  1457
        Lair:6 |       0 |    3732 |   0.0 |       0 |      18 |   0.0 |   315
               +---------+---------+-------+---------+---------+-------+---------
